 Dungeon Crawl Stone Soup version 0.30-a0-4-ga7cffc901d (webtiles) character file.

Game seed: 4417472241390694167

149 Setbun the Cutter (level 5, -7/22 (30) HPs)
             Began as a Kobold Brigand on Aug 21, 2022.
             Killed from afar by an orc wizard (10 damage)
             ... with a magic dart
             ... on level 3 of the Dungeon.
             The game lasted 00:01:43 (2874 turns).

Setbun the Cutter (Kobold Brigand)                  Turns: 2874, Time: 00:01:44

HP:   -7/22 (30)    AC:  2    Str:  8    XL:     5   Next: 56%
MP:   5/5           EV: 14    Int: 12    God:
Gold: 126           SH:  0    Dex: 19    Spells: 4/4 levels left

rFire   . . .      SeeInvis .    l - +1 dagger (flame)
rCold   . . .      Faith    .    (no shield)
rNeg    + . .      Spirit   .    b - +0 robe
rPois   .          Reflect  .    (no helmet)
rElec   .          Harm     .    v - scarf {+Inv}
rCorr   .          Rampage  .    (no gloves)
Will    .....                    (no boots)
Stlth   ++++......               (no amulet)
HPRegen 0.07/turn                t - ring of positive energy
MPRegen 0.09/turn                (no ring)

@: very heavily drained
A: small, no large weapons, nightstalker 3
a: Evoke Invisibility


You were on level 3 of the Dungeon.
You visited 1 branch of the dungeon, and saw 3 of its levels.

You collected 126 gold pieces.

Inventory:

Hand Weapons
 a - a +2 dagger
 l - a +1 dagger of flaming (weapon)
Missiles
 d - 11 poisoned darts (quivered)
 e - 3 curare-tipped darts
Armour
 b - a +0 robe (worn)
 c - a +0 cloak
 v - a scarf of invisibility (worn)
Jewellery
 t - a ring of positive energy (left hand)
Scrolls
 f - 2 scrolls of teleportation {unknown}
 h - 2 scrolls of magic mapping {unknown}
 k - a scroll of noise {unknown}
 m - a scroll of poison {unknown}
 n - 11 scrolls of identify {unknown}
 p - 2 scrolls of enchant armour {unknown}
 q - a scroll of brand weapon {unknown}
 r - a scroll of enchant weapon {unknown}
 s - a scroll of fear {unknown}
 u - a scroll of vulnerability {unknown}
Potions
 g - a potion of degeneration {unknown}
 i - a potion of curing {unknown}
 j - a potion of invisibility {unknown}
 o - a potion of mutation {unknown}


   Skills:
 - Level 2.1 Fighting
 + Level 7.1 Short Blades
 - Level 2.1 Throwing
 - Level 1.2 Dodging
 - Level 5.3 Stealth


You had 4 spell levels left.
You didn't know any spells.
Your spell library contained the following spells:

 Spells                   Type           Power      Damage    Failure   Level
 Scorch                   Fire           0%         2d5       45%         2
 Sublimation of Blood     Necr           0%         N/A       45%         2
 Flame Wave               Conj/Fire      0%         2d4       97%         4
 Petrify                  Tmut/Erth      0%         N/A       97%         4
 Irradiate                Conj/Tmut      0%         3d11      100%        5
 Summon Cactus Giant      Summ           0%         N/A       100%        6


Dungeon Overview and Level Annotations

Branches:
Dungeon (3/15)

Altars:
The Shining One

Shops:
D:3 !:


Innate Abilities, Weirdness & Mutations

You are small and have problems with some larger weapons.
You are completely attuned to the shadows.


Message History

You closely miss the orc wizard.
The orc wizard gestures wildly while chanting.
The orc wizard flickers and vanishes!
Deactivating autopickup; reactivate with Ctrl-A.
The orc hits you with a +0 club. The orc wizard misses you.
You closely miss the orc wizard. The rat bites you. Something hits you.
The orc wizard hits you with a +0 dagger.
The orc hits you with a +0 club.
You are too injured to fight recklessly!
You are too injured to fight recklessly!
You are too injured to fight recklessly!
You are too injured to fight recklessly!
You are too injured to fight recklessly!
You are too injured to fight recklessly!
You are too injured to fight recklessly!
You are too injured to fight recklessly!
You are too injured to fight recklessly!
You are too injured to fight recklessly!
You are too injured to fight recklessly!
You are too injured to fight recklessly!
You are too injured to fight recklessly!
You are too injured to fight recklessly!
You are too injured to fight recklessly!
You are too injured to fight recklessly!
You are too injured to fight recklessly!
You are too injured to fight recklessly!
You are too injured to fight recklessly!
Okay, then.
You feel drained.
You fail to use your ability.
The rat closely misses you.
You hear some strange, mumbled words.
A magic dart appears from out of thin air!
The magic dart hits you!
* * * LOW HITPOINT WARNING * * *
The orc wizard misses you. The orc misses you.
You feel drained.
You fail to use your ability.
The rat closely misses you. Something hits you.
* * * LOW HITPOINT WARNING * * *
The orc wizard points at you and mumbles some strange words.
The magic dart hits you!
You die...

......## #.
####.....#######
.....###.......#
.....# #.#####.# ....
###.###.# #.# ....
#.......# #.#
##..###..##.#### #.#
...r{..........####<#
...o@#####.......##..
..⌠o## ##.⌠..#.####
...# ##......... ..#
##......<. .#
##.#####. #.#####. #
...... .#####


You could see an orc wizard, an orc and a rat.

Vanquished Creatures
  An orc priest (D:3)
  An orc wizard (D:3)
  2 adders
  A worm (D:2)
  3 dart slugs
  7 orcs (D:3)
  3 bats (D:1)
  2 endoplasms (D:1)
  3 giant cockroaches
  2 goblins (D:1)
  6 hobgoblins
  4 jackals
  3 kobolds
  5 quokkas
  3 ball pythons
  4 frilled lizards
  5 rats
55 creatures vanquished.

Vanquished Creatures (others)
  5 fungi (D:3)
5 creatures vanquished.

Grand Total: 60 creatures vanquished

Notes
Turn   | Place    | Note
-------+----------+-------------------------------------------
     0 | D:1      | Setbun the Kobold Brigand began the quest for the Orb.
     0 | D:1      | Reached XP level 1. HP: 12/12 MP: 1/1
    19 | D:1      | Reached skill level 3 in Short Blades
    34 | D:1      | Reached XP level 2. HP: 10/17 MP: 2/2
   207 | D:1      | Reached skill level 4 in Short Blades
   387 | D:1      | Reached XP level 3. HP: 21/21 MP: 3/3
  1251 | D:1      | Found a faded altar of an unknown god.
  1308 | D:2      | Found a glowing golden altar of the Shining One.
  1366 | D:2      | Reached skill level 5 in Short Blades
  1594 | D:2      | Reached XP level 4. HP: 26/26 MP: 4/4
  1996 | D:3      | Reached skill level 6 in Short Blades
  2307 | D:3      | Reached XP level 5. HP: 26/30 MP: 5/5
  2584 | D:3      | Reached skill level 7 in Short Blades
  2593 | D:3      | Found Ecoegaz's Book Emporium.
  2796 | D:3      | Found Zyho's Distillery.
  2874 | D:3      | Killed from afar by an orc wizard

Illustrated notes

Levels and vault maps discovered:
D:1:      spicycebolla_green_bress_n_ham_2, layout_loops_ring,
          shapermc_ecumenical_altar_hornbeckon, minmay_hexomino_u4
D:2:      layout_loops_ring, basic_altar
D:3:      layout_loops_ring, nicolae_overflow_ecumenical_swirl, serial_shops,
          nicolae_lakefront_shop, shop, shop, dreamdust_mushroom_princess

Skill      XL: |  1  2  3  4  5 |
---------------+----------------+-----
Short Blades   | 3 4 5 6 7 |  7.1
Fighting       | |  2.1
Throwing       | |  2.1
Dodging        | |  1.2
Stealth        | |  5.3

Action                   |  1- 3 |  4- 6 || total
-------------------------+-------+-------++-------
Melee: Dagger            |    67 |    64 ||   131
 Stab: Sleeping          |    20 |     4 ||    24
       Distracted        |       |     1 ||     1
Armor: Robe              |     6 |     4 ||    10
Dodge: Dodged            |    22 |    26 ||    48

Table legend: (Time is in decaauts)
 A = Elapsed time spent in this place.
 B = Non-inter-level travel time spent in this place.
 C = Inter-level travel time spent in this place.
 D = Time resting spent in this place.
 E = Time spent auto-exploring this place.
 F = Levels seen in this place.
 G = Mean time per level.
                   A        B        C        D        E       F      G
               +--------+--------+--------+--------+--------+-----+--------+
         Total |   2844 |   2760 |     84 |    289 |   2172 |   3 |  948.0 |
       Dungeon |   2844 |   2760 |     84 |    289 |   2172 |   3 |  948.0 |
               +--------+--------+--------+--------+--------+-----+--------+

Top non-repeatable levels by time:
     D:1: 1290 daAuts
     D:3: 884 daAuts
     D:2: 669 daAuts
